 Dungeon Crawl Stone Soup version 0.28.0 (webtiles) character file.

Game seed: 18228507754507041096

58 mopl the Sneak (level 4, -1/30 HPs)
             Began as an Octopode Brigand on Feb 14, 2022.
             Slain by a thrashing horror (4 damage)
             ... created by the touch of Lugonu
             ... on level 2 of the Dungeon.
             The game lasted 00:03:04 (1441 turns).

mopl the Sneak (Octopode Brigand)                   Turns: 1441, Time: 00:03:05

Health: -1/30      AC:  1    Str: 10    XL:     4   Next: 2%
Magic:  4/4        EV: 13    Int: 13    God:
Gold:   109        SH:  3    Dex: 15    Spells: 3/3 levels left

rFire   . . .      SeeInvis .   a - +2 dagger
rCold   . . .      Faith    .   l - +0 buckler
rNeg    . . .      Spirit   .   (helmet restricted)
rPois   .          Reflect  .   (no amulet)
rElec   .          Harm     .   (no ring)
rCorr   .          Rampage  .   (no ring)
Will    .....                   (no ring)
Stlth   ++++......              (no ring)
HPRegen 0.10/turn               (no ring)
MPRegen 0.09/turn               (no ring)
                                (no ring)
                                (no ring)

@: no status effects
A: almost no armour, amphibious, 8 rings, camouflage 1, gelatinous body 1,
(nimble swimmer 1), tentacles
a: no special abilities


You were on level 2 of the Dungeon.
You visited 1 branch of the dungeon, and saw 2 of its levels.
You visited the Abyss 1 time.

You collected 109 gold pieces.

Inventory:

Hand Weapons
 a - a +2 dagger (weapon)
Missiles
 b - 12 poisoned darts (quivered)
 c - 2 curare-tipped darts
 f - 84 stones
Armour
 l - a +0 buckler (worn)
Scrolls
 d - 2 scrolls of identify {unknown}
 g - 2 scrolls of blinking {unknown}
 h - a scroll of vulnerability {unknown}
 i - a scroll of noise {unknown}
 k - a scroll of silence {unknown}
Potions
 e - 2 potions of curing {unknown}
 j - a potion of invisibility {unknown}


   Skills:
 + Level 2.6 Fighting
 - Level 2.0 Short Blades
 + Level 2.6 Throwing
 + Level 2.0 Dodging
 + Level 6.0 Stealth
 + Level 0.0 Shields


You had 3 spell levels left.
You didn't know any spells.
Your spell library was empty.

Dungeon Overview and Level Annotations

Branches:
Dungeon (2/15)

Altars:
Lugonu


Innate Abilities, Weirdness & Mutations

You cannot wear most types of armour.
You are amphibious.
You can wear up to eight rings at the same time.
Your skin changes colour to match your surroundings (Stealth+).
Your rubbery body absorbs attacks. (AC +1, EV +1)
((You are camouflaged when in or above water. (Stealth+)))
You have tentacles for arms and can constrict up to eight enemies at once.


Message History

Found a gateway leading deeper into the Abyss.
A smoke demon comes into view.
There is a gateway leading deeper into the Abyss here.
You plunge deeper into the Abyss.
The abyssal rune of Zot can be found at this depth.
Found a gateway leading deeper into the Abyss.
An ettin comes into view.
It is wielding a +0 giant spiked club of distortion and a +0 giant spiked club of chaos.
A flayed ghost comes into view.
An ettin comes into view.
It is wielding a +0 giant club of distortion and a +0 giant spiked club of chaos.
Unknown command.
An ettin comes into view.
It is wielding a +0 giant spiked club of distortion and a +0 giant club of chaos.
Found a gateway leading deeper into the Abyss.
A flayed ghost comes into view.
Found an abyssal rune of Zot.
There is a gateway leading deeper into the Abyss here.
You plunge deeper into the Abyss.
The abyssal rune of Zot can be found at this depth.
Found a gateway leading out of the Abyss.
Found a gateway leading deeper into the Abyss.
There is a gateway leading out of the Abyss here.
You pass through the gate.
Welcome back to the Dungeon!
Unknown command.
The thrashing horror barely misses you.
You block the thrashing horror's attack.
The thrashing horror roars!
The thrashing horror barely misses you.
The thrashing horror completely misses you.
The thrashing horror tramples you.
You stumble backwards!
The thrashing horror tramples you!
You hold your ground!
The thrashing horror tramples you.
You stumble backwards!
The thrashing horror closely misses you.
The thrashing horror barely misses you.
You see here a scroll labelled COT QOSSEGOTT.
The thrashing horror tramples you!
* * * LOW HITPOINT WARNING * * *
You stumble backwards!
The thrashing horror completely misses you.
The thrashing horror tramples you.
You die...

†#.##.....# #.#.#....#
.#.######## #.#.#.....## # .#.#
#.#.#####.# # .#.# #.#.#...#.# #
.#.# ...##..#.# # .#.#
###########..##..#.# # .#
..........#..##..#.########
.#.###..........##.##..#.#.......
.......b........@X...............
.#.###..........##?##.##.#.#.....
.# ..........<..........#.###. .#
..........###.#.#....#.###. .#
...........##.#.#.......... .#
##########.##.#.#.......... .# $#
...#.......... .# .#
#..#.......... .# .#
..#....######


You could see a thrashing horror.

Vanquished Creatures
  2 adders (D:2)
  A worm (D:2)
  A dart slug (D:1)
  4 ball pythons
  4 endoplasms
  4 giant cockroaches
  4 hobgoblins
  3 bats (D:1)
  5 goblins
  4 kobolds
  4 rats
36 creatures vanquished.

Notes
Turn   | Place    | Note
-------+----------+-------------------------------------------
     0 | D:1      | mopl the Octopode Brigand began the quest for the Orb.
     0 | D:1      | Reached XP level 1. HP: 14/14 MP: 1/1
    75 | D:1      | Reached XP level 2. HP: 14/19 MP: 2/2
   388 | D:1      | Reached XP level 3. HP: 25/25 MP: 3/3
   427 | D:1      | Found a faded altar of an unknown god.
   534 | D:1      | Prayed at the altar of an unknown god.
   534 | D:1      | Became a worshipper of Lugonu the Unformed
   534 | D:1      | Reached * piety under Lugonu
   534 | D:1      | Reached ** piety under Lugonu
   535 | D:1      | Fell from the grace of Lugonu
   807 | D:2      | Reached skill level 2 in Dodging
   891 | D:2      | Noticed a small abomination
  1015 | D:2      | Reached skill level 6 in Stealth
  1059 | D:2      | Reached XP level 4. HP: 30/30 MP: 4/4
  1176 | D:2      | Noticed a thrashing horror
  1176 | D:2      | Cast into level 1 of the Abyss (Lugonu's touch)
  1196 | Abyss:1  | Noticed a chaos spawn
  1246 | Abyss:1  | Noticed a raiju
  1252 | Abyss:1  | Noticed a small abomination
  1267 | Abyss:1  | Noticed a large abomination
  1284 | Abyss:1  | Noticed a large abomination
  1305 | Abyss:1  | Noticed a large abomination
  1356 | Abyss:2  | Noticed a large abomination
  1364 | Abyss:2  | Noticed a fire bat
  1374 | Abyss:2  | Noticed a smoke demon
  1381 | Abyss:3  | Noticed an ettin
  1393 | Abyss:3  | Noticed an ettin
  1398 | Abyss:3  | Noticed a flayed ghost
  1404 | Abyss:3  | Noticed an ettin
  1407 | Abyss:3  | Noticed an ettin
  1411 | Abyss:3  | Noticed a silent spectre
  1411 | Abyss:3  | Noticed a floating eye
  1411 | Abyss:3  | Noticed a flayed ghost
  1429 | D:2      | Escaped the Abyss
  1441 | D:2      | Slain by a thrashing horror

Illustrated notes

Levels and vault maps discovered:
D:1:      onia_arrival_pyramid, layout_rooms,
          shapermc_ecumenical_altar_mp_vishouse
D:2:      layout_basic, basic_altar

Skill      XL: |  1  2  3 |
---------------+----------+-----
Dodging        | 2 |  2.0
Stealth        | 6 |  6.0
Fighting       | |  2.6
Short Blades   | |  2.0
Throwing       | |  2.6

Action                   |  1- 3 |  4- 6 || total
-------------------------+-------+-------++-------
Melee: Dagger            |    55 |     2 ||    57
       Constrict         |    10 |     1 ||    11
       Tentacles         |     9 |       ||     9
       Punch             |     1 |       ||     1
Invok: Renounce Religion |     1 |       ||     1
 Stab: Sleeping          |    15 |       ||    15
Armor: Skin              |     9 |       ||     9
Dodge: Dodged            |    22 |     7 ||    29
Block: Buckler           |       |     1 ||     1
